 Dungeon Crawl Stone Soup version 0.30-a0-782-ge64f9170bb (webtiles) character file.

Game seed: 15738288332038569203

51 BRD the Slasher (level 3, -1/29 HPs)
             Began as a Barachi Reaver on Feb 22, 2023.
             Slain by a gnoll
             ... wielding a +0 halberd
              (10 damage)
             ... on level 2 of the Dungeon.
             The game lasted 00:01:38 (1006 turns).

BRD the Slasher (Barachi Reaver)                    Turns: 1006, Time: 00:01:38

Health: -1/29      AC:  6    Str: 11 (13) XL:     3   Next: 81%
Magic:  6/6        EV:  9    Int: 12 (15) God:
Gold:   49         SH:  0    Dex:  7 (10) Spells: 5/6 levels left

rFire   . . .      SeeInvis .    a - +0 falchion
rCold   . . .      Faith    .    (no shield)
rNeg    . . .      Spirit   .    d - +0 scale mail
rPois   .          Reflect  .    (no helmet)
rElec   .          Harm     .    (no cloak)
rCorr   .          Rampage  .    (no gloves)
Will    .....                    (no boots) Stlth
                                 (no amulet)
HPRegen 0.24/turn                (no ring)
MPRegen 0.10/turn                (no ring)

@: slow
A: amphibious, slowness 1, strong legs 1, +LOS
a: Hop


You were on level 2 of the Dungeon.
You visited 1 branch of the dungeon, and saw 2 of its levels.

You collected 49 gold pieces.

Inventory:

Hand Weapons
 a - a +0 falchion (weapon)
Armour
 d - a +0 scale mail (worn)
Scrolls
 g - a scroll of vulnerability {unknown}
Potions
 c - a potion of degeneration
 e - a potion of magic {unknown}
 f - a potion of heal wounds {unknown}


   Skills:
 + Level 3.2 Fighting
 + Level 4.1 Long Blades
 + Level 1.8 Armour
 + Level 2.8 Dodging
 - Level 2.1 Spellcasting
 - Level 3.2 Conjurations


You had 5 spell levels left.
You knew the following spells:

 Your Spells              Type           Power      Damage    Failure   Level
a - Kiss of Death         Conj/Necr      20%        2d7       63%         1

Your spell library contained the following spells:

 Spells                   Type           Power      Damage    Failure   Level
 Momentum Strike          Conj/Tloc      10%        3d8       77%         2
 Hailstorm                Conj/Ice       5%         3d4       94%         3


Dungeon Overview and Level Annotations

Branches:
Dungeon (2/15)

Altars:


Innate Abilities, Weirdness & Mutations

You are amphibious.
You cover ground slowly.
You can hop short distances.
You have an extended range of vision and can be seen from far away.


Message History

The gnoll hits you with a +0 halberd. The gnoll barely misses you.
The gnoll hits you from afar with a +0 spear.
You see here a giant cockroach corpse.
The gnoll attacks as you move away! The gnoll barely misses you.
The gnoll hits you from afar with a +0 halberd.
The gnoll attacks as you move away! The gnoll barely misses you.
You hit the gnoll.
The gnoll is lightly wounded.
The gnoll hits you with a +0 club.
You hit the gnoll but do no damage.
The gnoll is lightly wounded.
The gnoll hits you with a +0 club. The gnoll hits you but does no damage.
You closely miss the gnoll.
The gnoll is lightly wounded.
The gnoll closely misses you. The gnoll hits you with a +0 club.
* * * LOW HITPOINT WARNING * * *
You hit the gnoll.
The gnoll is moderately wounded.
The gnoll closely misses you. The gnoll hits you with a +0 club.
* * * LOW HITPOINT WARNING * * *
It was a potion of degeneration.
There was something very wrong with that liquid.
You feel weakened.
You feel dopey.
You feel clumsy. The gnoll hits you but does no damage.
The gnoll barely misses you.
It was a potion of curing.
You feel better. The gnoll closely misses you. x2
You hit the gnoll.
The gnoll is severely wounded.
The gnoll hits you from afar with a +0 halberd.
The gnoll barely misses you.
You hit the gnoll.
The gnoll is severely wounded.
The gnoll completely misses you. The gnoll hits you with a +0 club.
You hit the gnoll but do no damage.
The gnoll is severely wounded.
The gnoll closely misses you. The gnoll hits you with a +0 club.
* * * LOW HITPOINT WARNING * * *
You hit the gnoll.
The gnoll is almost dead.
The gnoll hits you from afar with a +0 halberd!
You die...

#.####.........# ##.#
#...........# ##..#
#...........# #...#
#....<......# #....#.#
#............ #..####.#
#..........## #. #)#
.............
...#####.###############
##>......ggg@........
#########.###########
........g†.....#
###......#.###.#
.........'...
###......#.#.#
..........#.#
...........# #
...........#


You could see 3 gnolls.

Vanquished Creatures
  2 adders (D:2)
  2 dart slugs (D:1)
  A bat (D:2)
  5 endoplasms
  A giant cockroach (D:2)
  A goblin (D:2)
  2 hobgoblins (D:1)
  3 jackals (D:1)
  4 kobolds
  3 ball pythons (D:1)
  2 frilled lizards
26 creatures vanquished.

Notes
Turn   | Place    | Note
-------+----------+-------------------------------------------
     0 | D:1      | BRD the Barachi Reaver began the quest for the Orb.
     0 | D:1      | Reached XP level 1. HP: 17/17 MP: 3/3
   221 | D:1      | Reached XP level 2. HP: 19/23 MP: 5/5
   265 | D:1      | Reached skill level 1 in Armour
   353 | D:1      | Found a faded altar of an unknown god.
   698 | D:2      | Reached skill level 4 in Long Blades
   698 | D:2      | Reached XP level 3. HP: 29/29 MP: 6/6
  1006 | D:2      | Slain by a gnoll

Illustrated notes

Levels and vault maps discovered:
D:1:      onia_arrival_pyramid, layout_loops_ring,
          chequers_ecumenical_altar_island
D:2:      layout_basic, kennysheep_another_room

Skill      XL: |  1  2 |
---------------+-------+-----
Armour         | 1 |  1.8
Fighting       | 3 |  3.2
Long Blades    | 4 |  4.1
Dodging        | |  2.8
Spellcasting   | |  2.1
Conjurations   | |  3.2

Action                     || total
---------------------------++-------
  Melee: Falchion          ||    89
         Punch             ||     1
    Use: Potion            ||     2
 Armour: Leather armour    ||     6
         Scale mail        ||    31
  Dodge: Dodged            ||    66

Table legend: (Time is in decaauts)
 A = Elapsed time spent in this place.
 B = Non-inter-level travel time spent in this place.
 C = Inter-level travel time spent in this place.
 D = Time resting spent in this place.
 E = Time spent auto-exploring this place.
 F = Levels seen in this place.
 G = Mean time per level.
                   A        B        C        D        E       F      G
               +--------+--------+--------+--------+--------+-----+--------+
         Total |   1150 |   1120 |     30 |     34 |    829 |   2 |  575.0 |
       Dungeon |   1150 |   1120 |     30 |     34 |    829 |   2 |  575.0 |
               +--------+--------+--------+--------+--------+-----+--------+

Top non-repeatable levels by time:
     D:1: 755 daAuts
     D:2: 395 daAuts
